 Dungeon Crawl Stone Soup version 0.21-a0-372-gd0ff781 (webtiles) character file.

1808 4thArraOfDagon the Martial Artist (level 8, 0/66 HPs)
             Began as a White Draconian Monk on Oct 16, 2017.
             Was a Priest of the Shining One.
             Killed from afar by an orc wizard (7 damage)
             ... with a puff of flame
             ... on level 9 of the Dungeon.
             The game lasted 00:13:58 (3179 turns).

4thArraOfDagon the Martial Artist (DrMo)            Turns: 3179, Time: 00:13:59

Health: 0/66       AC:  7    Str: 13    XL:     8   Next: 84%
Magic:  9/9        EV: 15    Int: 12    God:    the Shining One [***...]
Gold:   218        SH:  0    Dex: 15    Spells: 7/7 levels left

rFire    . . .     SeeInvis .     - Unarmed
rCold    + . .     Gourm    +   (no shield)
rNeg     + . .     Faith    .   (armour unavailable)
rPois    .         Spirit   .   (helmet restricted)
rElec    .         Reflect  .   (no cloak)
rCorr    .         Harm     .   (no gloves)
MR       .....                  c - +0 pair of boots
Stlth    ++........             v - amulet of the gourmand
HPRegen  0.21/turn              n - ring of stealth
MPRegen  0.11/turn              A - ring of stealth

@: glowing
A: breathe frost, unfitting armour, cold resistance 1, cold-blooded, AC +6
a: Breathe Frost, Divine Shield, Renounce Religion


You were on level 9 of the Dungeon.
You worshipped the Shining One.
The Shining One was most pleased with you.
You were very full.

You visited 1 branch of the dungeon, and saw 11 of its levels.

You collected 218 gold pieces.

Inventory:

Armour
 c - a +0 pair of boots (worn)
Jewellery
 n - a ring of stealth (left hand)
 v - an amulet of the gourmand (around neck)
 A - a ring of stealth (right hand)
Wands
 w - a wand of flame (27/48)
 y - a wand of clouds (3/9)
Scrolls
 b - 3 scrolls of remove curse
 h - a scroll of noise {unknown}
 i - 4 scrolls of teleportation
 j - 3 scrolls of amnesia
 m - a scroll of holy word {unknown}
Potions
 e - 3 potions of flight
 f - a potion of haste {unknown}
 k - a potion of curing
 l - 2 potions of mutation {unknown}
 o - a potion of brilliance {unknown}
 q - 3 potions of heal wounds {unknown}
 r - a potion of resistance {unknown}
 t - a potion of agility {unknown}
 u - a potion of degeneration {unknown}
Comestibles
 a - 3 bread rations
 d - 2 meat rations
 g - 4 fruits
 p - 3 royal jellies
 s - 3 chunks of flesh


   Skills:
 - Level 4.1 Fighting
 - Level 5.4 Dodging
 - Level 1.7 Stealth
 * Level 10.1 Unarmed Combat
 - Level 2.1 Invocations


You had 7 spell levels left.
You didn't know any spells.

Dungeon Overview and Level Annotations

Branches:
Dungeon (11/15)            Temple (0/1) D:7
   Lair: D:8-11         Orc: D:9-12

Altars:
Ashenzari
Cheibriados
Gozag
Kikubaaqudgha
Ru
Sif Muna
Uskayaw
Vehumet
Wu Jian
The Shining One
Jiyva

Shops:
D:2 *   D:6 :%=[

Annotations:
D:6 Edmund
D:9 1 transporter
D:11 Urug


Innate Abilities, Weirdness & Mutations

You can breathe waves of freezing cold.
You can buffet flying creatures when you breathe cold.
Your icy white scales are hard. (AC +6)
You cannot fit into any form of body armour.
Your flesh is cold resistant. (rC+)
You are cold-blooded and may be slowed by cold attacks.


Message History

The orc hits you but does no damage.
Unknown command.
You hit the white imp.
Your tail-slap misses the white imp.
The white imp is moderately wounded.
The white imp gestures at you. The puff of frost hits you! You resist.
* * * LOW HITPOINT WARNING * * *
The orc barely misses you.
Unknown command.
Unknown command.
You punch the white imp!
You kill the white imp!
The Shining One accepts your kill.
Unknown command.
Unknown command.
You punch the orc!
You kill the orc!
The orc wizard points at you and mumbles some strange words.
The puff of flame hits you!
You die...

#...#.....#..#...#.#..###########
....#.....#.#.....#...#
....##....#.#.≈≈≈.#...#
.....#....#.#≈...≈#...
.....#....'.#≈._.≈#.#
....##....#.#≈.).≈#.#.#
....#....<#.#.≈≈≈.#.#.#
....#.....#.#.....#.#.#
....#######..#.[@#..#.#
..............#o#[..#.# .
...#####.....#.#)####.######'5
...#...#..........o.5.o.......
...#...#...#######>o..........
...#...#...#.....#.....#......
...#...'...#.....'.)..['......
...#...'...#.....#.....'......
...#####...#....##.....#.%....


You could see an orc wizard.

Vanquished Creatures
  A hippogriff (D:11)
  2 hungry ghosts
  A black bear (D:6)
  An orc warrior (D:9)
  2 sky beasts
  An ogre (D:7)
  A centaur (D:8)
  A crocodile (D:9)
  A bullfrog (D:7)
  A scorpion (D:6)
  A centaur zombie (D:7)
  A jelly (D:9)
  An orc priest (D:8)
  9 orc wizards
  2 bullfrog skeletons
  5 worker ants
  A hound skeleton (D:10)
  A worker ant zombie (D:7)
  3 adders
  A shadow imp (D:9)
  A white imp (D:9)
  An ooze (D:4)
  2 worms
  A dart slug (D:3)
  A leopard gecko (D:4)
  21 orcs
  A ball python (D:1)
  3 giant cockroaches
  4 goblins
  5 hobgoblins
  7 jackals
  9 bats
  4 frilled lizards
  3 kobolds (D:2)
  4 rats
104 creatures vanquished.

Vanquished Creatures (others)
  An orc wizard (D:9)
  An orc (D:9)
  A plant (D:10)
3 creatures vanquished.

Grand Total: 107 creatures vanquished

Notes
Turn   | Place    | Note
-------+----------+-------------------------------------------
     0 | D:1      | 4thArraOfDagon the Draconian Monk began the quest for the Orb.
     0 | D:1      | Reached XP level 1. HP: 19/19 MP: 1/1
   112 | D:2      | Found a glowing golden altar of the Shining One.
   118 | D:2      | Became a worshipper of the Shining One
   118 | D:2      | Reached * piety under the Shining One
   118 | D:2      | Reached ** piety under the Shining One
   135 | D:2      | Reached XP level 2. HP: 19/26 MP: 2/2
   379 | D:1      | Reached XP level 3. HP: 29/31 MP: 3/3
   488 | D:1      | Found a snail-covered altar of Cheibriados.
   547 | D:1      | D1 chei pff
   554 | D:2      | Found an opulent altar of Gozag.
   562 | D:2      | Found Gozag's Platinum Reserve.
   836 | D:3      | Reached skill level 4 in Unarmed Combat
   916 | D:4      | Noticed an ogre
   917 | D:4      | Found a shattered altar of Ashenzari.
   956 | D:4      | Reached skill level 1 in Invocations
   956 | D:4      | Reached XP level 4. HP: 17/40 MP: 4/4
  1214 | D:4      | Reached XP level 5. HP: 38/46 MP: 6/6
  1277 | D:5      | Entered Level 5 of the Dungeon
  1334 | D:5      | Found an ornate altar of the Wu Jian Council.
  1477 | D:6      | Noticed a black bear
  1489 | D:6      | Found a hide-covered altar of Uskayaw.
  1507 | D:6      | Found Morhem's Food Boutique.
  1568 | D:6      | Found Fyoxez's Book Emporium.
  1600 | D:6      | Found Usemuc's Jewellery Boutique.
  1603 | D:6      | Noticed Edmund
  1615 | D:6      | Reached skill level 5 in Unarmed Combat
  1698 | D:6      | Reached XP level 6. HP: 52/52 MP: 7/7
  1734 | D:6      | Found Fets's Armour Shoppe.
  1906 | D:7      | Noticed a sky beast
  1938 | D:7      | Killed a sky beast
  1938 | D:7      | Reached skill level 6 in Unarmed Combat
  1938 | D:7      | Your scales start taking on an icy white colour.
  1938 | D:7      | Reached XP level 7. HP: 51/59 MP: 8/8
  1938 | D:7      | Gained mutation: Your flesh is cold resistant. (rC+) [White Draconian growth]
  1944 | D:7      | :/
  1997 | D:7      | Noticed a hungry ghost
  1997 | D:7      | Reached *** piety under the Shining One
  2022 | D:7      | Killed a hungry ghost
  2038 | D:7      | Reached skill level 7 in Unarmed Combat
  2071 | D:7      | Found a staircase to the Ecumenical Temple.
  2096 | D:7      | Reached skill level 5 in Dodging
  2400 | D:8      | Reached XP level 8. HP: 45/66 MP: 9/9
  2426 | D:8      | Found a radiant altar of Vehumet.
  2438 | D:8      | Reached skill level 8 in Unarmed Combat
  2482 | D:9      | Found a transporter.
  2511 | D:9      | Found a viscous altar of Jiyva.
  2615 | D:10     | Entered Level 10 of the Dungeon
  2772 | D:11     | Reached skill level 9 in Unarmed Combat
  2778 | D:11     | Noticed Urug
  2811 | D:11     | Noticed a hippogriff
  2827 | D:11     | Killed a hippogriff
  2840 | D:11     | Found a radiant altar of Vehumet.
  2933 | D:9      | Found an ancient bone altar of Kikubaaqudgha.
  2934 | D:9      | Found a radiant altar of Vehumet.
  2936 | D:9      | Found a deep blue altar of Sif Muna.
  2942 | D:9      | Identified Sif Muna's Grimoire of Summoning
  3049 | D:9      | Found a sacrificial altar of Ru.
  3096 | D:10     | Noticed a two-headed ogre
  3104 | D:9      | Reached skill level 10 in Unarmed Combat
  3179 | D:9      | Killed from afar by an orc wizard

Vault maps used:
D:1:      ncdulo_wetmaze, minmay_misc_feat_diagonals, cheibriados_altar_1
D:2:      tso_metal_star, nicolae_gozag_zags_fifth_avenue, uniq_natasha,
          uniq_sigmund
D:4:      nicolae_ashenzari_panopticon, first_bread, grunt_ministairs_6,
          guppyfry_early_orc_mine
D:5:      lemuel_crystal_altar
D:6:      eat_drink_and_be_merry_uskayaw, serial_shops, kennysheep_little_box,
          shop, nicolae_shop_behind_doors, shop, shop, uniq_eustachio,
          uniq_edmund
D:7:      lemuel_zombie_altar_yredelemnul, minmay_temple_entry_mist,
          serial_shops, shop, nicolae_shop_statue_plus, nicolae_shop_stone
D:8:      basic_altar, uniq_joseph
D:9:      gammafunk_jiyva_shrine, grunt_temple_overflow_magic_moments,
          overflow_temple_1_default, nicolae_overflow_crystal_walls,
          nicolae_ru_awakened_eye, david_nohive_1, hangedman_minor_magic
D:10:     david_orc_2, serial_bayou, serial_bayou_lake_a, serial_bayou_pond_a,
          serial_bayou_crossing, serial_bayou_pond_d
D:11:     dpeg_oklobed_lair, basic_altar, minmay_orc_keep, uniq_urug

Skill      XL: |  1  2  3  4  5  6  7  8 |
---------------+-------------------------+-----
Dodging        | 3 4 5 |  5.4
Unarmed Combat | 4 5 6 7 10 | 10.1
Invocations    | 1 2 |  2.1
Fighting       | 4 |  4.1
Stealth        | |  1.7

Action                   |  1- 3 |  4- 6 |  7- 9 || total
-------------------------+-------+-------+-------++-------
Melee: Unarmed           |   117 |   115 |   167 ||   399
       Tailslap          |    16 |    14 |    19 ||    49
       Punch             |     2 |     1 |     4 ||     7
 Abil: Breathe Frost     |       |       |     2 ||     2
Evoke: Wand              |       |       |     1 ||     1
  Use: Potion            |       |     3 |     1 ||     4
       Scroll            |       |     3 |     5 ||     8
  Eat: Chunk             |       |     7 |    20 ||    27
       Fruit             |       |     3 |       ||     3
Armor: Skin              |    36 |    24 |    31 ||    91
Dodge: Dodged            |    98 |    67 |    99 ||   264

Table legend:
 A = Spawn XP
 B = Non-spawn XP
 C = Spawn XP percentage of total XP
 D = Spawn monster count
 E = Non-spawn monster count
 F = Spawn count percentage of total count
 G = Total turns spent on level
                    A         B        C        D         E        F      G
               +---------+---------+-------+---------+---------+-------+---------
         Total |       0 |    2583 |   0.0 |       0 |     104 |   0.0 |  3179
               +---------+---------+-------+---------+---------+-------+---------
           D:1 |       0 |      34 |   0.0 |       0 |      20 |   0.0 |   358
           D:2 |       0 |      21 |   0.0 |       0 |      12 |   0.0 |   318
           D:3 |       0 |      45 |   0.0 |       0 |      11 |   0.0 |   341
           D:4 |       0 |     110 |   0.0 |       0 |      11 |   0.0 |   260
           D:5 |       0 |      91 |   0.0 |       0 |       5 |   0.0 |   198
           D:6 |       0 |     308 |   0.0 |       0 |       5 |   0.0 |   401
           D:7 |       0 |     685 |   0.0 |       0 |      13 |   0.0 |   422
           D:8 |       0 |     279 |   0.0 |       0 |       9 |   0.0 |   183
           D:9 |       0 |     611 |   0.0 |       0 |      15 |   0.0 |   427
          D:10 |       0 |      18 |   0.0 |       0 |       1 |   0.0 |   124
          D:11 |       0 |     381 |   0.0 |       0 |       2 |   0.0 |   147
               +---------+---------+-------+---------+---------+-------+---------
